 Dungeon Crawl Stone Soup version 0.16.2 (webtiles) character file.

11316 RepoMan the Arsonist (level 11, 0/75 HPs)
             Began as a Mummy Fire Elementalist on Aug 12, 2015.
             Was a Follower of Ashenzari.
             Slain by a red ugly thing (19 damage)
             ... on level 11 of the Dungeon on Aug 13, 2015.
             The game lasted 02:16:45 (20899 turns).

RepoMan the Arsonist (Mummy Fire Elementalist)     Turns: 20899, Time: 02:16:45

Health: 0/75       AC:  7    Str: 11    XL:     11   Next: 47%
Magic:  8/26       EV: 17    Int: 17    God:    Ashenzari [*.....]
Gold:   489        SH:  0    Dex: 15    Spells: 8 memorised, 1 level left

rFire  . . .     SeeInvis .     a - staff of fire (curse)
rCold  + . .     Clarity  .     H - +2 robe of Impermeability {Dex+3} (curse)
rNeg   + + +     SustAb   .     (no shield)
rPois  ∞         Gourm    .     (no helmet)
rElec  .         Spirit   .     (no cloak)
rCorr  .         Warding  +     z - +2 pair of gloves {archery}
rMut   .         Stasis   .     (no boots)
MR     +....                    c - amulet of warding
Stlth  ++........               (no ring)
                                s - +3 ring of evasion

@: somewhat resistant to hostile enchantments, unstealthy
A: no food or potions, fire vulnerability, restore body, cold resistance 1,
negative energy resistance 3, poison resistance, torment resistance, unbreathing
a: Renounce Religion


You were on level 11 of the Dungeon.
You worshipped Ashenzari.
Ashenzari was aware of your devotion.
You were not hungry.

You visited 2 branches of the dungeon, and saw 12 of its levels.
You also visited: Sewer.

You collected 597 gold pieces.
You spent 108 gold pieces at shops.

Inventory:

Hand weapons
 i - a +0 dagger of venom
 q - a +0 dagger of chaos
 v - a +0 spear of chaos
 D - a +2 dagger of chaos
Missiles
 k - 30 poisoned needles
 n - 8 curare-tipped needles
 x - a throwing net (quivered)
Armour
 z - a +2 pair of gloves of archery (worn)
 H - the cursed +2 robe of Impermeability (worn) {Dex+3}
   (You found it on level 8 of the Dungeon)

   It affects your dexterity (+3).
   It has a curse placed upon it.
Magical staves
 a - a cursed staff of fire (weapon)
Jewellery
 c - an amulet of warding (around neck)
 s - a +3 ring of evasion (left hand)
 y - an uncursed ring of sustain abilities
Magical devices
 j - a wand of polymorph (8)
 t - a wand of polymorph (5)
 u - a wand of disintegration (4)
 w - a wand of paralysis (16)
Scrolls
 d - 4 scrolls of recharging
 e - a scroll of remove curse
 f - a scroll of identify
 g - 3 scrolls of enchant weapon
 h - 5 scrolls of fog
 l - a scroll of amnesia
 m - 2 scrolls of enchant armour
 o - 2 scrolls of fear
 r - 3 scrolls of teleportation
 B - a scroll of summoning
 F - 2 scrolls of magic mapping {unknown}
 I - a scroll of immolation
 J - a scroll of silence
 K - 6 scrolls of curse armour
 L - a scroll of curse weapon
Books
 b - a book of Flames

   Spells                             Type                      Level
   a - Flame Tongue                   Conjuration/Fire             1
   b - Throw Flame                    Conjuration/Fire             2
   c - Conjure Flame                  Conjuration/Fire             3
   d - Inner Flame                    Hexes/Fire                   3
   e - Sticky Flame                   Conjuration/Fire             4
   f - Fireball                       Conjuration/Fire             5
 p - a Fen Folio

   Spells                             Type                      Level
   a - Corpse Rot                     Necromancy                   2
   b - Stone Arrow                    Conjuration/Earth            3
   c - Leda's Liquefaction            Hexes/Earth                  4
   d - Summon Forest                  Summoning/Translocation      5
   e - Hydra Form                     Transmutation                6
   f - Summon Hydra                   Summoning                    7
 A - a book of Maledictions

   Spells                             Type                      Level
   a - Corona                         Hexes                        1
   b - Sure Blade                     Hexes/Charms                 2
   c - Ensorcelled Hibernation        Hexes/Ice                    2
   d - Confuse                        Hexes                        3
   e - Dazzling Spray                 Conjuration/Hexes            3
   f - Enslavement                    Hexes                        4
 E - a book of Dreams

   Spells                             Type                      Level
   a - Ensorcelled Hibernation        Hexes/Ice                    2
   b - Flight                         Charms/Air                   3
   c - Phase Shift                    Translocation                5
   d - Shadow Creatures               Summoning                    5
   e - Mass Confusion                 Hexes                        6
   f - Darkness                       Hexes                        7
 G - a book of Minor Magic

   Spells                             Type                      Level
   a - Magic Dart                     Conjuration                  1
   b - Blink                          Translocation                2
   c - Call Imp                       Summoning                    2
   d - Repel Missiles                 Charms/Air                   2
   e - Slow                           Hexes                        2
   f - Conjure Flame                  Conjuration/Fire             3
   g - Mephitic Cloud                 Conjuration/Poison/Air       3
Miscellaneous
 C - a plain deck of defence


   Skills:
 - Level 3.4 Fighting
 + Level 0.2 Staves
 - Level 3.9 Dodging
 - Level 1.5 Stealth
 + Level 7.4 Spellcasting
 * Level 6.8 Conjurations
 + Level 1.2 Translocations
 * Level 10.0 Fire Magic
 + Level 5.2 Earth Magic
 + Level 0.5 Evocations


You had one spell level left.
You knew the following spells:

 Your Spells              Type           Power        Failure   Level  Hunger
a - Flame Tongue          Conj/Fire      #####        1%          1    N/A
b - Blink                 Tloc           N/A          12%         2    N/A
c - Conjure Flame         Conj/Fire      ######..     1%          3    N/A
d - Sticky Flame          Conj/Fire      ######..     4%          4    N/A
e - Stone Arrow           Conj/Erth      ####..       3%          3    N/A
f - Fireball              Conj/Fire      ######....   12%         5    N/A
i - Inner Flame           Hex/Fire       #####...     6%          3    N/A
r - Repel Missiles        Chrm/Air       #.....       21%         2    N/A

Dungeon Overview and Level Annotations

Branches:
Dungeon (11/15)            Temple (1/1) D:4            Lair (0/8) D:11
    Orc (0/4) D:11

Altars:
Ashenzari
Cheibriados
Dithmenos
Elyvilon
Fedhas
Kikubaaqudgha
Makhleb
Nemelex Xobeh
Okawaru
Qazlal
Ru
Sif Muna
Trog
Vehumet
Xom
Yredelemnul
Zin
The Shining One

Shops:
D:7 [

Annotations:
D:5 2 exclusions
D:8 Everild's ghost, experienced MiFi


Innate Abilities, Weirdness & Mutations

You do not eat or drink.
Your flesh is vulnerable to fire.
Your flesh is cold resistant.
You are immune to negative energy.
Your system is resistant to poisons.
You are immune to unholy pain and torment.
You can survive without breathing.


Message History

Aiming: Stone Arrow
Press: ? - help, Shift-Dir - straight line, f/p - red ugly thing
Aim: a red ugly thing (lightly wounded)
The stone arrow misses the red ugly thing.
Read which item? (? for menu, Esc to quit)
Okay, then.
Unknown command.
Casting: Stone Arrow
Confirm with . or Enter, or press ? or * to list all spells.
You blink.
The red ugly thing closely misses you.
Casting: Blink
Confirm with . or Enter, or press ? or * to list all spells.
You blink.
Read which item? (? for menu, Esc to quit)
As you read the scroll of summoning, it crumbles to dust.
Wisps of shadow whirl around you...
You swap places.
The red ugly thing gores you!
* * * LOW HITPOINT WARNING * * *
You are engulfed in flames!!
You die...

.P≈≈.P♣....♣P.).♣...#####.....##.
....P♣.♣.P♣.P.♣....## #.....##.
♣)...(.♣##♣♣♣..###.# #.....##.
♣.....♣# #.♣♣.## #.# #.....##.
.####..###..#.# #.# #.....##. .#
#.........# #.# #........ .#
#.......######T# #........
.####........K.uK..######.....##.
......#####...KK@.............##.
......# #..KKKC...####......##.
.###..# #.######..# #......##. .#
#..# #.# #..# #......##. .# #..#
#.# #..# #......##. .# #..# #.#
#..# #......##. .# #..# #.# #..#
#......##. .# #..# #.#
#..####......##. .# #<.# #.#
#............##.


You could see a red ugly thing, a friendly hill giant, a friendly troll, a
friendly big kobold and 6 friendly kobolds.

Vanquished Creatures
  An ice statue (D:7)
  2 hill giants (D:10)
  An ugly thing (D:11)
  A cyclops (D:11)
  2 trolls
  A queen bee (D:11)
  A freezing wraith (D:10)
  A trapdoor spider (D:10)
  6 yaks (D:11)
  A spriggan (D:11)
  A wyvern (D:11)
  A deep elf mage (D:9)
  A wraith (D:11)
  3 hungry ghosts
  2 soldier ants (D:11)
  3 water moccasins
  2 sky beasts
  10 ice beasts
  2 orc warriors
  4 ogres
  A phantom (D:5)
  2 black bears
  An eye of draining (D:10)
  3 big kobolds
  The ghost of Geomchi the Insei, an average MfTm of Makhleb (D:4)
  7 centaurs
  4 giant frogs
  A water moccasin zombie (D:5)
  5 scorpions
  A wyvern skeleton (D:11)
  16 killer bees
  11 wights (D:11)
  2 goliath beetles (D:7)
  A quasit (D:10)
  4 crimson imps
  6 hounds
  6 orc priests
  3 jellies
  7 orc wizards
  9 worker ants
  9 iguanas
  A killer bee zombie (D:9)
  Terence (D:3)
  A hound skeleton (D:5)
  A worker ant zombie (D:5)
  8 gnolls
  10 adders
  2 shadow imps
  2 giant mites
  3 worms
  An adder skeleton (D:8)
  15 giant geckos
  37 orcs
  A ball python (D:2)
  A bat skeleton (D:4)
  A bat zombie (D:6)
  8 goblins
  18 hobgoblins
  10 jackals
  25 kobolds
  2 quokkas
  A ball python skeleton (D:4)
  20 bats
  8 giant cockroaches
  A giant gecko zombie (D:8)
  10 giant newts
  A giant spore (D:11)
  A hobgoblin zombie (D:5)
  A jackal skeleton (D:9)
  A quokka skeleton (D:5)
  21 rats
  2 ballistomycetes (D:11)
  4 plants (D:11)
365 creatures vanquished.

Vanquished Creatures (others)
  A quokka (D:4)
  16 plants (D:11)
17 creatures vanquished.

Grand Total: 382 creatures vanquished

Notes
Turn   | Place    | Note
--------------------------------------------------------------
     0 | D:1      | RepoMan, the Mummy Fire Elementalist, began the quest for the Orb.
     0 | D:1      | Reached XP level 1. HP: 13/13 MP: 3/3
   252 | D:1      | Reached XP level 2. HP: 11/19 MP: 0/4
   256 | D:1      | Learned a level 2 spell: Throw Flame
   412 | D:1      | Reached skill level 1 in Conjurations
   572 | D:1      | Reached skill level 3 in Fire Magic
  1084 | D:1      | Reached XP level 3. HP: 24/24 MP: 0/6
  1089 | D:1      | Learned a level 3 spell: Conjure Flame
  2090 | D:2      | Reached XP level 4. HP: 30/30 MP: 5/8
  2569 | D:2      | Found a glowing golden altar of the Shining One.
  3176 | D:3      | Found a glowing drain.
  3180 | Sewer    | Entered a sewer
  3258 | Sewer    | Noticed a big kobold
  3277 | Sewer    | Killed a big kobold
  3277 | Sewer    | Reached skill level 4 in Fire Magic
  3277 | Sewer    | Reached XP level 5. HP: 29/35 MP: 0/11
  3282 | Sewer    | Learned a level 3 spell: Inner Flame
  3427 | Sewer    | Found a glowing silver altar of Zin.
  3956 | D:3      | Noticed Terence
  3991 | D:3      | Killed Terence
  4259 | D:3      | Found a snail-covered altar of Cheibriados.
  4751 | D:4      | Noticed Geomchi's ghost (average MfTm)
  4761 | D:4      | Killed Geomchi's ghost
  4761 | D:4      | Reached XP level 6. HP: 38/41 MP: 5/13
  4888 | D:4      | Found a white marble altar of Elyvilon.
  5083 | D:4      | Found a staircase to the Ecumenical Temple.
  5743 | D:4      | Reached skill level 5 in Fire Magic
  6402 | D:4      | Noticed an ogre
  6411 | D:4      | Killed an ogre
  6411 | D:4      | Reached XP level 7. HP: 46/46 MP: 6/15
  6417 | D:4      | Learned a level 4 spell: Sticky Flame
  6958 | D:5      | Entered Level 5 of the Dungeon
  7826 | D:5      | Found a shadowy altar of Dithmenos.
  8049 | D:5      | Found a shimmering altar of Xom.
  8249 | D:5      | Reached skill level 6 in Fire Magic
  8519 | D:5      | Found a snail-covered altar of Cheibriados.
  8576 | Temple   | Entered the Ecumenical Temple
  8608 | Temple   | Became a worshipper of Ashenzari the Shackled
  9294 | D:5      | Reached XP level 8. HP: 52/52 MP: 8/18
  9357 | D:5      | Learned a level 3 spell: Stone Arrow
  9434 | D:5      | Found a bloodstained altar of Trog.
 10024 | D:6      | Reached skill level 1 in Earth Magic
 10281 | D:6      | Found a stormy altar of Qazlal.
 10540 | D:6      | Reached skill level 5 in Spellcasting
 11075 | D:7      | Reached skill level 7 in Fire Magic
 11199 | D:7      | Found a sacrificial altar of Ru.
 11601 | D:7      | Found Kiagauc's Antique Armour Boutique.
 11612 | D:7      | Bought a pair of embroidered gloves for 108 gold pieces
 11702 | D:7      | Reached XP level 9. HP: 55/57 MP: 2/21
 11894 | D:7      | Found a burning altar of Makhleb.
 12014 | D:7      | Noticed an ice statue
 12486 | D:7      | Killed an ice statue
 12683 | D:8      | Noticed Everild's ghost (experienced MiFi)
 12839 | D:7      | Reached skill level 5 in Conjurations
 13026 | D:7      | Reached skill level 8 in Fire Magic
 13561 | D:8      | Learned a level 2 spell: Blink
 13571 | D:8      | Got the uncursed robe of Impermeability {Dex+3}
 13587 | D:8      | Identified the +2 robe of Impermeability {Dex+3} (You found it on level 8 of the Dungeon)
 14035 | D:8      | Learned a level 2 spell: Repel Missiles
 14627 | D:9      | Found a stormy altar of Qazlal.
 14769 | D:9      | Reached XP level 10. HP: 47/63 MP: 18/24
 15018 | D:9      | Found a glowing silver altar of Zin.
 15202 | D:10     | Entered Level 10 of the Dungeon
 15403 | D:10     | Noticed a hill giant
 15454 | D:10     | Killed a hill giant
 16226 | D:10     | Reached skill level 1 in Fighting
 16488 | D:10     | Reached skill level 9 in Fire Magic
 16657 | D:10     | Noticed a hill giant
 16667 | D:10     | Killed a hill giant
 17979 | D:11     | Noticed a cyclops
 17992 | D:11     | Killed a cyclops
 18032 | D:11     | Reached XP level 11. HP: 71/74 MP: 7/26
 18034 | D:11     | Noticed a purple ugly thing
 18058 | D:10     | Learned a level 5 spell: Fireball
 18145 | D:11     | Killed a purple ugly thing
 18455 | D:11     | Found a staircase to the Lair.
 18506 | D:11     | Found a deep blue altar of Sif Muna.
 18805 | D:11     | Reached skill level 5 in Earth Magic
 18918 | D:11     | Found a staircase to the Orcish Mines.
 20483 | D:11     | Reached skill level 1 in Translocations
 20778 | D:11     | Reached skill level 10 in Fire Magic
 20899 | D:11     | Slain by a red ugly thing

Action                   |  1- 3 |  4- 6 |  7- 9 | 10-12 || total
-------------------------+-------+-------+-------+-------++-------
Melee: Unarmed           |    17 |       |       |       ||    17
       Dagger            |     1 |    48 |    20 |       ||    69
       Spear             |       |       |    90 |    60 ||   150
       Staff             |       |       |       |     4 ||     4
 Cast: Flame Tongue      |    72 |   133 |   226 |   170 ||   601
       Throw Flame       |       |     2 |    31 |       ||    33
       Conjure Flame     |       |     7 |    26 |    26 ||    59
       Inner Flame       |       |     2 |    19 |    15 ||    36
       Sticky Flame      |       |       |    34 |    45 ||    79
       Stone Arrow       |       |       |    14 |    28 ||    42
       Blink             |       |       |       |     8 ||     8
       Repel Missiles    |       |       |       |     1 ||     1
       Fireball          |       |       |       |     6 ||     6
Evoke: Wand              |       |       |     1 |     4 ||     5
  Use: Scroll            |       |     4 |    12 |     4 ||    20
 Stab: Petrified         |       |       |     1 |       ||     1
       Sleeping          |       |       |     1 |       ||     1
